[gd_scene load_steps=31 format=3 uid="uid://cnxp755u1k2eb"]

[ext_resource type="Texture2D" uid="uid://b267u7qkldbio" path="res://assets/textures/player/Idle (32x32).png" id="1_030ck"]
[ext_resource type="Texture2D" uid="uid://n66k5s712cxv" path="res://assets/textures/player/Fall (32x32).png" id="1_hcn0w"]
[ext_resource type="Script" path="res://scripts/player.cs" id="1_qxcrf"]
[ext_resource type="Texture2D" uid="uid://0liev0pq1v3a" path="res://assets/textures/player/Run (32x32).png" id="2_ktbfu"]
[ext_resource type="Texture2D" uid="uid://cagkuc80qox3g" path="res://assets/textures/player/Jump (32x32).png" id="3_qhd7e"]

[sub_resource type="RectangleShape2D" id="RectangleShape2D_46mix"]
size = Vector2(16, 26)

[sub_resource type="AtlasTexture" id="AtlasTexture_2550b"]
atlas = ExtResource("1_030ck")
region = Rect2(0, 0, 32, 32)

[sub_resource type="AtlasTexture" id="AtlasTexture_naemd"]
atlas = ExtResource("1_030ck")
region = Rect2(32, 0, 32, 32)

[sub_resource type="AtlasTexture" id="AtlasTexture_4qfjv"]
atlas = ExtResource("1_030ck")
region = Rect2(64, 0, 32, 32)

[sub_resource type="AtlasTexture" id="AtlasTexture_dx007"]
atlas = ExtResource("1_030ck")
region = Rect2(96, 0, 32, 32)

[sub_resource type="AtlasTexture" id="AtlasTexture_riada"]
atlas = ExtResource("1_030ck")
region = Rect2(128, 0, 32, 32)

[sub_resource type="AtlasTexture" id="AtlasTexture_3ml6b"]
atlas = ExtResource("1_030ck")
region = Rect2(160, 0, 32, 32)

[sub_resource type="AtlasTexture" id="AtlasTexture_lrdld"]
atlas = ExtResource("1_030ck")
region = Rect2(192, 0, 32, 32)

[sub_resource type="AtlasTexture" id="AtlasTexture_ae3ck"]
atlas = ExtResource("1_030ck")
region = Rect2(224, 0, 32, 32)

[sub_resource type="AtlasTexture" id="AtlasTexture_j78an"]
atlas = ExtResource("1_030ck")
region = Rect2(256, 0, 32, 32)

[sub_resource type="AtlasTexture" id="AtlasTexture_d6xoi"]
atlas = ExtResource("1_030ck")
region = Rect2(288, 0, 32, 32)

[sub_resource type="AtlasTexture" id="AtlasTexture_madfr"]
atlas = ExtResource("1_030ck")
region = Rect2(320, 0, 32, 32)

[sub_resource type="AtlasTexture" id="AtlasTexture_cuewg"]
atlas = ExtResource("2_ktbfu")
region = Rect2(0, 0, 32, 32)

[sub_resource type="AtlasTexture" id="AtlasTexture_04fe5"]
atlas = ExtResource("2_ktbfu")
region = Rect2(32, 0, 32, 32)

[sub_resource type="AtlasTexture" id="AtlasTexture_6n5ur"]
atlas = ExtResource("2_ktbfu")
region = Rect2(64, 0, 32, 32)

[sub_resource type="AtlasTexture" id="AtlasTexture_fto4o"]
atlas = ExtResource("2_ktbfu")
region = Rect2(96, 0, 32, 32)

[sub_resource type="AtlasTexture" id="AtlasTexture_p6nkd"]
atlas = ExtResource("2_ktbfu")
region = Rect2(128, 0, 32, 32)

[sub_resource type="AtlasTexture" id="AtlasTexture_4ag08"]
atlas = ExtResource("2_ktbfu")
region = Rect2(160, 0, 32, 32)

[sub_resource type="AtlasTexture" id="AtlasTexture_2xugi"]
atlas = ExtResource("2_ktbfu")
region = Rect2(192, 0, 32, 32)

[sub_resource type="AtlasTexture" id="AtlasTexture_h8ybu"]
atlas = ExtResource("2_ktbfu")
region = Rect2(224, 0, 32, 32)

[sub_resource type="AtlasTexture" id="AtlasTexture_t7ybu"]
atlas = ExtResource("2_ktbfu")
region = Rect2(256, 0, 32, 32)

[sub_resource type="AtlasTexture" id="AtlasTexture_dwga0"]
atlas = ExtResource("2_ktbfu")
region = Rect2(288, 0, 32, 32)

[sub_resource type="AtlasTexture" id="AtlasTexture_033yj"]
atlas = ExtResource("2_ktbfu")
region = Rect2(320, 0, 32, 32)

[sub_resource type="AtlasTexture" id="AtlasTexture_hmtae"]
atlas = ExtResource("2_ktbfu")
region = Rect2(352, 0, 32, 32)

[sub_resource type="SpriteFrames" id="SpriteFrames_b860o"]
animations = [{
"frames": [{
"duration": 1.0,
"texture": ExtResource("1_hcn0w")
}],
"loop": true,
"name": &"fall",
"speed": 5.0
}, {
"frames": [{
"duration": 1.0,
"texture": SubResource("AtlasTexture_2550b")
}, {
"duration": 1.0,
"texture": SubResource("AtlasTexture_naemd")
}, {
"duration": 1.0,
"texture": SubResource("AtlasTexture_4qfjv")
}, {
"duration": 1.0,
"texture": SubResource("AtlasTexture_dx007")
}, {
"duration": 1.0,
"texture": SubResource("AtlasTexture_riada")
}, {
"duration": 1.0,
"texture": SubResource("AtlasTexture_3ml6b")
}, {
"duration": 1.0,
"texture": SubResource("AtlasTexture_lrdld")
}, {
"duration": 1.0,
"texture": SubResource("AtlasTexture_ae3ck")
}, {
"duration": 1.0,
"texture": SubResource("AtlasTexture_j78an")
}, {
"duration": 1.0,
"texture": SubResource("AtlasTexture_d6xoi")
}, {
"duration": 1.0,
"texture": SubResource("AtlasTexture_madfr")
}],
"loop": true,
"name": &"idle",
"speed": 20.0
}, {
"frames": [{
"duration": 1.0,
"texture": ExtResource("3_qhd7e")
}],
"loop": true,
"name": &"jump",
"speed": 5.0
}, {
"frames": [{
"duration": 1.0,
"texture": SubResource("AtlasTexture_cuewg")
}, {
"duration": 1.0,
"texture": SubResource("AtlasTexture_04fe5")
}, {
"duration": 1.0,
"texture": SubResource("AtlasTexture_6n5ur")
}, {
"duration": 1.0,
"texture": SubResource("AtlasTexture_fto4o")
}, {
"duration": 1.0,
"texture": SubResource("AtlasTexture_p6nkd")
}, {
"duration": 1.0,
"texture": SubResource("AtlasTexture_4ag08")
}, {
"duration": 1.0,
"texture": SubResource("AtlasTexture_2xugi")
}, {
"duration": 1.0,
"texture": SubResource("AtlasTexture_h8ybu")
}, {
"duration": 1.0,
"texture": SubResource("AtlasTexture_t7ybu")
}, {
"duration": 1.0,
"texture": SubResource("AtlasTexture_dwga0")
}, {
"duration": 1.0,
"texture": SubResource("AtlasTexture_033yj")
}, {
"duration": 1.0,
"texture": SubResource("AtlasTexture_hmtae")
}],
"loop": true,
"name": &"run",
"speed": 20.0
}]

[node name="Player" type="CharacterBody2D" groups=["player"]]
collision_layer = 2
collision_mask = 13
script = ExtResource("1_qxcrf")

[node name="CollisionShape2D" type="CollisionShape2D" parent="."]
position = Vector2(1, -13)
shape = SubResource("RectangleShape2D_46mix")

[node name="AnimatedSprite2D" type="AnimatedSprite2D" parent="."]
position = Vector2(0, -16)
sprite_frames = SubResource("SpriteFrames_b860o")
animation = &"run"
autoplay = "idle"
frame_progress = 0.237515

[node name="Camera2D" type="Camera2D" parent="."]
limit_bottom = 255
